 Dungeon Crawl Stone Soup version 0.15.2 (webtiles) character file.

1314 HiobMontag the Covered (level 8, -3/70 HPs)
             Began as a Hill Orc Fighter on Dec 12, 2014.
             Slain by an orc warrior
             ... wielding a +0 morningstar
              (7 damage)
             ... on Level 5 of the Dungeon.
             The game lasted 00:23:09 (6151 turns).

HiobMontag the Covered (Hill Orc Fighter)           Turns: 6151, Time: 00:23:09

HP  -3/70        AC 12     Str 21      XL: 8   Next: 58%
MP   8/8         EV  5     Int 10      God:
Gold 217         SH 10     Dex 10      Spells:  0 memorised,  7 levels left

rFire  . . .     SeeInvis .     g - +2 spear (pierce)
rCold  . . .     Clarity  .     r - +0 chain mail
rNeg   + . .     rCorr    .     c - +0 shield
rPois  .         rRot     .     u - +0 helmet
rElec  .         Spirit   .     (no cloak)
SustAb .         Warding  .     (no gloves)
rMut   .         Stasis   .     v - +0 pair of boots
Gourm  .                        (no amulet)
MR     .....                    w - +2 ring of intelligence
                                m - ring of positive energy

@: not resistant to hostile enchantments, extremely unstealthy
A: no striking features
a: no special abilities


You were on level 5 of the Dungeon.
You were hungry.

You visited 1 branch of the dungeon, and saw 6 of its levels.

You collected 217 gold pieces.

Inventory:

Hand weapons
 g - a +2 spear of piercing (weapon)
Missiles
 f - 2 tomahawks (quivered)
Armour
 c - a +0 shield (worn)
 r - a +0 chain mail (worn)
 u - a +0 helmet (worn)
 v - a +0 pair of boots (worn)
Magical devices
 n - a wand of polymorph (12)
 o - a wand of frost (2)
 z - a wand of polymorph (16)
Comestibles
 d - 4 meat rations
 h - 2 beef jerkies
 j - 2 bread rations
 l - 5 fruits
Scrolls
 a - a scroll of enchant weapon {unknown}
 b - a scroll of teleportation {unknown}
 k - a scroll of recharging
 q - a scroll of magic mapping {unknown}
 t - a scroll of noise {unknown}
 x - a scroll of remove curse {unknown}
 E - 3 scrolls of immolation {unknown}
Jewellery
 m - a ring of positive energy (left hand)
 w - a +2 ring of intelligence (right hand)
Potions
 e - a potion of invisibility {unknown}
 i - a potion of degeneration {unknown}
 s - a potion of brilliance


   Skills:
 + Level 5.8 Fighting
 + Level 5.8 Polearms
 + Level 6.2 Armour
 + Level 3.2 Dodging
 + Level 6.0 Shields
 + Level 0.4 Evocations


You had 7 spell levels left.
You didn't know any spells.

Dungeon Overview and Level Annotations

Branches:
Dungeon (6/15)
 Temple: D:4-7

Altars:
Kikubaaqudgha
Makhleb
Nemelex Xobeh
Sif Muna
Trog
Xom

Annotations:
D:6 Iskender's ghost, experienced FoAM


Message History

The puff of frost hits the orc warrior.
The orc warrior appears unharmed.
The orc warrior is severely wounded.
This wand has 2 charges left.
The orc warrior hits you with a morningstar!
* * * LOW HITPOINT WARNING * * *
Read which item? (? for menu, Esc to quit)
Okay, then.
Drink which item? (? for menu, Esc to quit)
Okay, then.
Drink which item? (? for menu, Esc to quit)
Okay, then.
You hit the orc warrior but do no damage.
The orc warrior is severely wounded.
You closely miss the orc warrior.
The orc warrior is severely wounded.
The orc warrior hits you but does no damage.
You barely miss the orc warrior.
The orc warrior is severely wounded.
The orc warrior hits you with a morningstar!
You die...

....................##..# ##.###
######........#.........# #...#
## ##.##.....###...#...## ##.#.#
.####..##.....####.#####.###.##.#
.......#..........## #.....##.#
....##....###......## ##...##...
...####..## #.......#####...#..##
..## #.## #...o..[..........##
..# #.# #...@.............###
..## ##.#####..###........#..#..#
...###.....#..## ##..#..####.####
...#..........# #....## #.#
#.....#..###..# ##..#.# ###
##...##...##.#####.....#
##...##...##.)##.......##
#.............(...##....### #####
...####.........######....###...#


You could see an orc warrior.

Vanquished Creatures
  Grinder (D:5)
  A hippogriff (D:6)
  An ice beast (D:5)
  An orc warrior (D:5)
  An ogre (D:4)
  A giant frog (D:6)
  A scorpion (D:6)
  A crimson imp (D:5)
  A quasit (D:5)
  3 orc wizards
  2 worker ants
  An iguana (D:5)
  2 hounds (D:4)
  A hound zombie (D:6)
  A worker ant zombie (D:6)
  10 adders
  An inept feature mimic (D:5)
  A shadow imp (D:6)
  A giant mite (D:3)
  5 worms
  An adder zombie (D:6)
  5 giant geckos
  3 oozes
  13 orcs
  9 bats
  A bat zombie (D:5)
  3 giant cockroaches
  10 hobgoblins
  13 kobolds
  5 quokkas
  A ball python (D:5)
  A giant gecko zombie (D:6)
  8 giant newts
  14 goblins
  3 jackals
  9 rats
  A rat zombie (D:5)
137 creatures vanquished.

Notes
Turn   | Place    | Note
--------------------------------------------------------------
     0 | D:1      | HiobMontag, the Hill Orc Fighter, began the quest for the Orb.
     0 | D:1      | Reached XP level 1. HP: 19/19 MP: 1/1
   248 | D:1      | Reached XP level 2. HP: 27/27 MP: 2/2
   368 | D:1      | Reached skill level 4 in Fighting
   477 | D:1      | Reached XP level 3. HP: 33/33 MP: 3/3
  1439 | D:2      | Reached XP level 4. HP: 19/40 MP: 4/4
  1604 | D:2      | Found a burning altar of Makhleb.
  1604 | D:2      | Found a shimmering altar of Xom.
  2317 | D:3      | Reached skill level 1 in Dodging
  2596 | D:3      | Found a bloodstained altar of Trog.
  2621 | D:3      | Reached XP level 5. HP: 44/46 MP: 5/5
  2793 | D:3      | Found a bloodstained altar of Trog.
  2901 | D:3      | Found an ancient bone altar of Kikubaaqudgha.
  3296 | D:4      | Reached XP level 6. HP: 36/53 MP: 6/6
  3413 | D:4      | Noticed an ogre
  3446 | D:4      | Killed an ogre
  3916 | D:5      | Entered Level 5 of the Dungeon
  4036 | D:5      | Reached skill level 5 in Fighting
  4036 | D:5      | Reached XP level 7. HP: 39/61 MP: 7/7
  4292 | D:5      | Reached skill level 5 in Shields
  4705 | D:5      | Reached skill level 5 in Armour
  4826 | D:5      | Noticed Grinder
  4828 | D:5      | Paralysed by Grinder for 5 turns
  4848 | D:5      | Paralysed by Grinder for 5 turns
  4856 | D:5      | Killed Grinder
  4856 | D:5      | Reached skill level 5 in Polearms
  4856 | D:5      | Reached XP level 8. HP: 42/69 MP: 8/8
  5278 | D:5      | Found a deep blue altar of Sif Muna.
  5423 | D:6      | Found an ancient bone altar of Kikubaaqudgha.
  5841 | D:5      | Reached skill level 6 in Armour
  5929 | D:6      | Noticed Iskender's ghost (experienced FoAM)
  5930 | D:6      | ghost
  5979 | D:6      | !ghost
  6077 | D:6      | Found a sparkling altar of Nemelex Xobeh.
  6148 | D:5      | HP: 3/70 [orc warrior/morningstar (14)]
  6151 | D:5      | Slain by an orc warrior

Action                   |  1- 3 |  4- 6 |  7- 9 || total
-------------------------+-------+-------+-------++-------
Melee: Trident           |   168 |   122 |       ||   290
       Spear             |       |   168 |   228 ||   396
Evoke: Wand              |       |       |    10 ||    10
  Use: Scroll            |     6 |     4 |     1 ||    11
       Potion            |       |     2 |     7 ||     9
  Eat: Chunk             |     2 |     8 |     7 ||    17
